 Dungeon Crawl Stone Soup version 0.21.1-1-g345015f (webtiles) character file.

1287 sking99 the Magician (level 8, -2/58 HPs)
             Began as a Gnoll Wizard on June 26, 2018.
             Was an Initiate of Ashenzari.
             Engulfed by a steam dragon's steam (5 damage)
             ... on level 5 of the Dungeon.
             The game lasted 00:24:07 (6321 turns).

sking99 the Magician (Gnoll Wizard)                 Turns: 6321, Time: 00:24:08

Health: -2/58      AC:  3    Str:  9    XL:     8   Next: 55%
Magic:  14/19      EV: 15    Int: 23    God:    Ashenzari [......]
Gold:   186        SH:  0    Dex: 14    Spells: 11/22 levels left

rFire    . . .     SeeInvis .   v - +0 trident
rCold    . . .     Gourm    .   (no shield)
rNeg     . . .     Faith    .   a - +0 robe
rPois    .         Spirit   .   b - +1 hat
rElec    .         Reflect  .   (no cloak)
rCorr    +         Harm     .   (no gloves)
MR       .....                  (no boots)
Stlth    +.........             x - amulet of magic regeneration (curse)
HPRegen  0.19/turn              o - ring of resist corrosion (curse)
MPRegen  0.41/turn              (no ring)

@: confused
A: distributed training, fangs 1, strong nose
a: Curse Item, Renounce Religion


You were on level 5 of the Dungeon.
You worshipped Ashenzari.
Ashenzari was noncommittal.
You were not hungry.

You visited 2 branches of the dungeon, and saw 6 of its levels.
You also visited: Sewer.

You collected 235 gold pieces.
You spent 49 gold pieces at shops.

Inventory:

Hand Weapons
 h - a +0 spear
 n - a +0 dagger
 v - a +0 trident (weapon)
Armour
 a - a +0 robe (worn)
 b - a +1 hat (worn)
Jewellery
 o - a cursed ring of resist corrosion (left hand)
 x - a cursed amulet of magic regeneration (around neck)
Scrolls
 g - 4 scrolls of teleportation
 i - 2 scrolls of fear
 p - a scroll of amnesia
 r - a scroll of noise {unknown}
 u - 2 scrolls of identify
Potions
 e - a potion of ambrosia
 f - a potion of lignification {unknown}
 j - 6 potions of brilliance
 k - 2 potions of agility {unknown}
 l - 5 potions of heal wounds {unknown}
 m - a potion of mutation {unknown}
 q - 6 potions of curing {unknown}
 s - 5 potions of might {unknown}
 t - a potion of magic {unknown}
 z - a potion of invisibility {unknown}
Books
 c - a book of Minor Magic

   Spells                             Type                      Level
   a - Magic Dart                     Conjuration                  1
   b - Blink                          Translocation                2
   c - Call Imp                       Summoning                    2
   d - Slow                           Hexes                        2
   e - Conjure Flame                  Conjuration/Fire             3
   f - Mephitic Cloud                 Conjuration/Poison/Air       3
Comestibles
 d - 8 rations
 w - 5 chunks of flesh


   Skills:
 + Level 3.3 Fighting
 + Level 3.3 Short Blades
 + Level 3.3 Long Blades
 + Level 3.3 Axes
 + Level 3.3 Maces & Flails
 + Level 3.3 Polearms
 + Level 3.3 Staves
 + Level 3.3 Slings
 + Level 3.3 Bows
 + Level 3.3 Crossbows
 + Level 3.3 Throwing
 + Level 3.3 Armour
 + Level 5.7 Dodging
 + Level 5.4 Stealth
 + Level 3.3 Shields
 + Level 3.3 Unarmed Combat
 + Level 7.9 Spellcasting
 + Level 3.5 Conjurations
 + Level 2.7 Hexes
 + Level 2.7 Charms
 + Level 3.5 Summonings
 + Level 2.7 Necromancy
 + Level 3.5 Translocations
 + Level 2.7 Transmutations
 + Level 2.7 Fire Magic
 + Level 2.7 Ice Magic
 + Level 2.7 Air Magic
 + Level 2.7 Earth Magic
 + Level 2.7 Poison Magic
 + Level 3.6 Invocations
 + Level 3.3 Evocations


You had 11 spell levels left.
You knew the following spells:

 Your Spells              Type           Power        Failure   Level  Hunger
a - Magic Dart            Conj           ####         1%          1    None
b - Blink                 Tloc           N/A          2%          2    None
c - Call Imp              Summ           ####....     2%          2    None
d - Mephitic Cloud        Conj/Pois/Air  ###.....     6%          3    None
e - Conjure Flame         Conj/Fire      ###.....     6%          3    None


Dungeon Overview and Level Annotations

Branches:
Dungeon (5/15)             Temple (1/1) D:4

Altars:
Ashenzari
Dithmenos
Elyvilon
Fedhas
Gozag
Hepliaklqana
Kikubaaqudgha
Makhleb
Nemelex Xobeh
Okawaru
Qazlal
Ru
Trog
Uskayaw
Vehumet
Wu Jian
Xom
Yredelemnul
Zin
The Shining One

Shops:
D:4 (


Innate Abilities, Weirdness & Mutations

Your experience applies equally to all skills.
You have very sharp teeth.
Your uncanny sense of smell can sniff out nearby items.


Message History

Aim: a steam dragon (heavily wounded, catching its breath)
The magic dart hits the steam dragon.
The steam dragon is heavily wounded.
You are engulfed in a cloud of scalding steam.
The steam dragon breathes steam at you. The ball of steam hits you!
Casting: Magic Dart
Confirm with . or Enter, or press ? or * to list all spells.
Aiming: Magic Dart
Press: ? - help, Shift-Dir - straight line, f/p - steam dragon
Aim: a steam dragon (heavily wounded, catching its breath)
The magic dart hits the steam dragon.
The steam dragon is heavily wounded.
The steam dragon breathes steam at you. The ball of steam hits you!
* * * LOW HITPOINT WARNING * * *
You are confused.
You feel invigorated.
You are engulfed in a cloud of scalding steam.
You die...

#..#..#.# ##.#..#.#
#....#.# #.....
##...#<##......
########...###.......
.........§.##........
#########.##.........
........§.#..........
#########@#.......$.§
∆ #§#..$....≈.§
∆#D'........§§
#.'........≈≈
#.#.......≈..
#.#..........
..#..........
##.##.........
...##..%.....


You could see a steam dragon.

Vanquished Creatures
  A hungry ghost (D:4)
  An ice beast (D:5)
  A phantom (D:5)
  2 ogres
  4 big kobolds (Sewer)
  A jelly (D:4)
  2 orc priests (D:4)
  2 hounds
  An orc wizard (D:5)
  3 worker ants
  Natasha (D:2)
  A hound skeleton (D:4)
  Robin (D:2)
  10 adders
  5 oozes
  An adder skeleton (D:4)
  An adder zombie (D:5)
  A worm (D:2)
  3 dart slugs
  7 leopard geckos
  5 orcs
  5 bats
  5 giant cockroaches
  16 goblins
  8 hobgoblins
  8 quokkas
  4 ball pythons
  4 frilled lizards
  17 kobolds
  A quokka skeleton (D:4)
  11 rats
133 creatures vanquished.

Vanquished Creatures (collateral kills)
  An adder (D:2)
  2 oozes (D:1)
  2 giant cockroaches (D:1)
  3 jackals (D:1)
  A kobold (D:2)
  A frilled lizard (D:2)
  2 rats (D:1)
12 creatures vanquished.

Grand Total: 145 creatures vanquished

Notes
Turn   | Place    | Note
-------+----------+-------------------------------------------
     0 | D:1      | sking99 the Gnoll Wizard began the quest for the Orb.
     0 | D:1      | Reached XP level 1. HP: 13/13 MP: 8/8
     1 | D:1      | Found a runed door.
   288 | D:1      | Reached XP level 2. HP: 19/19 MP: 8/10
   501 | D:1      | Learned a level 2 spell: Blink
   504 | D:1      | Learned a level 2 spell: Call Imp
   834 | D:1      | Reached XP level 3. HP: 25/25 MP: 9/11
  1214 | D:1      | Reached skill level 1 in Invocations
  1328 | D:2      | Learned a level 3 spell: Mephitic Cloud
  1371 | D:2      | Reached skill level 1 in Fighting
  1371 | D:2      | Reached skill level 1 in Short Blades
  1371 | D:2      | Reached skill level 1 in Long Blades
  1371 | D:2      | Reached skill level 1 in Axes
  1371 | D:2      | Reached skill level 1 in Maces & Flails
  1371 | D:2      | Reached skill level 1 in Polearms
  1371 | D:2      | Reached skill level 1 in Staves
  1371 | D:2      | Reached skill level 1 in Slings
  1371 | D:2      | Reached skill level 1 in Bows
  1371 | D:2      | Reached skill level 1 in Crossbows
  1371 | D:2      | Reached skill level 1 in Throwing
  1371 | D:2      | Reached skill level 1 in Armour
  1371 | D:2      | Reached skill level 1 in Shields
  1371 | D:2      | Reached skill level 1 in Unarmed Combat
  1371 | D:2      | Reached skill level 1 in Evocations
  1495 | D:2      | Reached XP level 4. HP: 31/32 MP: 7/13
  1820 | D:2      | Noticed Robin
  2162 | D:2      | Killed Robin
  2162 | D:2      | Reached skill level 1 in Hexes
  2162 | D:2      | Reached skill level 1 in Charms
  2162 | D:2      | Reached skill level 1 in Necromancy
  2162 | D:2      | Reached skill level 1 in Transmutations
  2162 | D:2      | Reached skill level 1 in Fire Magic
  2162 | D:2      | Reached skill level 1 in Ice Magic
  2162 | D:2      | Reached skill level 1 in Air Magic
  2162 | D:2      | Reached skill level 1 in Earth Magic
  2162 | D:2      | Reached skill level 1 in Poison Magic
  2333 | D:2      | Noticed Natasha
  2344 | D:2      | Killed Natasha
  2344 | D:2      | Reached XP level 5. HP: 18/37 MP: 0/14
  2599 | D:2      | Learned a level 3 spell: Conjure Flame
  2617 | D:2      | Found a sparkling altar of Nemelex Xobeh.
  3576 | D:4      | Noticed a hungry ghost
  3587 | D:4      | Killed a hungry ghost
  3587 | D:4      | Reached skill level 5 in Dodging
  3587 | D:4      | Reached XP level 6. HP: 44/44 MP: 3/16
  3678 | D:4      | Found a staircase to the Ecumenical Temple.
  3689 | Temple   | Entered the Ecumenical Temple
  3870 | Temple   | Became a worshipper of Ashenzari the Shackled
  3933 | D:4      | Found a glowing drain.
  3962 | Sewer    | Entered a sewer
  4216 | Sewer    | Reached XP level 7. HP: 45/50 MP: 7/18
  4790 | D:4      | Reached skill level 5 in Stealth
  5126 | D:4      | Found an iron altar of Okawaru.
  5464 | D:4      | Found Guxzum's Weapon Boutique.
  5469 | D:4      | Bought a +0 trident for 49 gold pieces
  5541 | D:4      | Reached XP level 8. HP: 47/57 MP: 3/19
  5620 | D:4      | Found a hide-covered altar of Uskayaw.
  5628 | D:4      | Found a basalt altar of Yredelemnul.
  5882 | D:5      | Entered Level 5 of the Dungeon
  6321 | D:5      | Engulfed by a steam dragon's steam

Skill      XL: |  1  2  3  4  5  6  7  8 |
---------------+-------------------------+-----
Conjurations   | 2 3 |  3.5
Summonings     | 2 3 |  3.5
Translocations | 2 3 |  3.5
Invocations    | 1 2 3 |  3.6
Fighting       | 1 2 3 |  3.3
Short Blades   | 1 2 3 |  3.3
Long Blades    | 1 2 3 |  3.3
Axes           | 1 2 3 |  3.3
Maces & Flails | 1 2 3 |  3.3
Polearms       | 1 2 3 |  3.3
Staves         | 1 2 3 |  3.3
Slings         | 1 2 3 |  3.3
Bows           | 1 2 3 |  3.3
Crossbows      | 1 2 3 |  3.3
Throwing       | 1 2 3 |  3.3
Armour         | 1 2 3 |  3.3
Shields        | 1 2 3 |  3.3
Unarmed Combat | 1 2 3 |  3.3
Evocations     | 1 2 3 |  3.3
Hexes          | 1 2 |  2.7
Charms         | 1 2 |  2.7
Necromancy     | 1 2 |  2.7
Transmutations | 1 2 |  2.7
Fire Magic     | 1 2 |  2.7
Ice Magic      | 1 2 |  2.7
Air Magic      | 1 2 |  2.7
Earth Magic    | 1 2 |  2.7
Poison Magic   | 1 2 |  2.7
Dodging        | 5 |  5.7
Stealth        | 5 |  5.4
Spellcasting   | |  7.9

Action                   |  1- 3 |  4- 6 |  7- 9 || total
-------------------------+-------+-------+-------++-------
Melee: Unarmed           |    18 |     1 |     2 ||    21
       Bite              |     1 |     1 |     1 ||     3
       Dagger            |       |     3 |       ||     3
       Spear             |       |       |     2 ||     2
 Cast: Magic Dart        |    69 |   185 |   218 ||   472
       Call Imp          |     4 |     8 |     2 ||    14
       Conjure Flame     |       |     1 |     5 ||     6
       Mephitic Cloud    |       |     2 |     1 ||     3
Invok: Curse Item        |       |     2 |       ||     2
  Use: Scroll            |       |    11 |       ||    11
       Potion            |       |       |     1 ||     1
  Eat: Chunk             |     2 |     7 |     7 ||    16
Armor: Robe              |     3 |    18 |    12 ||    33
Dodge: Dodged            |    22 |    90 |    63 ||   175
